AoeStats
← El pingüino

Arena

509992920Analyzed
3v3 RM · 4d ago on Sep 29, 2026· 28m 20s· 6 players
Game mode
Random Map
Map size
Normal (6 player)
Population
200
Speed
Normal
Resources
Standard
Victory
Conquest
Starting age
Dark Age
Ending age
Imperial Age
RankedLock teamsTeams togetherTeam positionsShared explorationLock speedFull tech treeHidden civsTurbo modeCheats
Victory
Defeat
🇵🇪 Turks · Peru
1663
+7
🇦🇷 Khmer · Argentina
1431
+15
🇦🇷 Aztecs · Argentina
1403
+16
🇦🇷 Teutons · Argentina
1487
-15
🇦🇷 Turks · Argentina
1486
-15
🇦🇷 Byzantines · Argentina
1301
-8
El Guason
10:07 Feudal Age
13:59 Castle Age
12:34 Horse Collar
12:44 Double-Bit Axe
12:43 Horse Collar
18:25 Wheelbarrow
19:02 Bow Saw
19:56 Heavy Plow
20:55 Gold Mining
21:30 Scale Barding Armor
21:36 Forging
25:36 Iron Casting
25:26 Bloodlines
25:51 Chain Barding Armor
28:01 Devotion
27:50 Loom
27:51 Town Watch
El pingüino
7:39 Loom
11:26 Feudal Age
15:52 Castle Age
14:53 Horse Collar
17:03 Wheelbarrow
17:12 Double-Bit Axe
18:10 Bow Saw
17:28 Pikeman
17:38 Man-at-Arms
23:00 Hand Cart
22:59 Light Cavalry
25:44 Heavy Plow
Batman
11:02 Feudal Age
13:05 Double-Bit Axe
13:26 Gold Mining
15:49 Castle Age
13:50 Horse Collar
14:13 Loom
21:31 Imperial Age
20:11 Bow Saw
20:26 Padded Archer Armor
26:47 Devotion
TQLeo
10:51 Feudal Age
14:01 Castle Age
11:59 Double-Bit Axe
12:21 Horse Collar
13:57 Gold Mining
15:09 Bow Saw
16:27 Bloodlines
18:41 Scale Barding Armor
19:35 Town Watch
20:35 Loom
22:12 Wheelbarrow
22:32 Forging
24:15 Hand Cart
26:22 Iron Casting
26:36 Chain Barding Armor
27:07 Husbandry
GABO
10:26 Feudal Age
14:12 Castle Age
12:49 Gold Mining
13:33 Double-Bit Axe
16:36 Sanctity
16:28 Fervor
19:03 Redemption
25:01 Pikeman
GB | Renzo
10:34 Feudal Age
14:26 Castle Age
12:30 Stone Mining
13:30 Double-Bit Axe
14:39 Loom
17:43 Horse Collar
25:52 Wheelbarrow
27:05 Bow Saw
26:46 Gold Mining
27:10 Town Watch
Connection lost

Rejoining the realm…

Still unreachable

The connection could not be restored.

Session expired

The server has moved on; the page needs a fresh start.